 Dungeon Crawl Stone Soup version 0.21-a0-401-g0b6bec4 (webtiles) character file.

30024 Klosterheim the Cleaver (level 13, -5/103 HPs)
             Began as a Formicid Monk on Oct 25, 2017.
             Was a High Priest of Makhleb.
             Slain by a red devil
             ... wielding a +0 trident
             ... summoned by an orc high priest
              (6 damage)
             ... on level 2 of the Orcish Mines.
             The game lasted 01:15:32 (18713 turns).

Klosterheim the Cleaver (Formicid Monk)            Turns: 18713, Time: 01:15:34

Health: -5/103     AC: 10    Str: 20    XL:     13   Next: 85%
Magic:  21/21      EV:  6    Int: 11    God:    Makhleb [*****.]
Gold:   1861       SH: 23    Dex: 13    Spells: 12/12 levels left

rFire    + . .     SeeInvis +   g - +2 battleaxe (freeze)
rCold    + . .     Gourm    .   P - +0 large shield
rNeg     . . .     Faith    .   T - +1 plate armour {rF+}
rPois    +         Spirit   .   (helmet unavailable)
rElec    .         Reflect  +   J - +2 cloak
rCorr    .         Harm     .   (no gloves)
MR       +....                  w - +0 pair of boots
Stlth    ..........             f - +5 amulet of reflection
HPRegen  0.27/turn              L - ring of poison resistance
MPRegen  0.17/turn              y - ring of protection from cold

@: corroded, drained
A: permanent stasis, dig shafts and tunnels, four strong arms, antennae 3
a: Dig, Shaft Self, Minor Destruction, Lesser Servant of Makhleb, Major
Destruction, Greater Servant of Makhleb, Renounce Religion


You were on level 2 of the Orcish Mines.
You worshipped Makhleb.
Makhleb was extremely pleased with you.
You were not hungry.

You visited 4 branches of the dungeon, and saw 15 of its levels.
You also visited: Bailey.

You collected 1883 gold pieces.
You spent 22 gold pieces at shops.

Inventory:

Hand Weapons
 g - a +2 battleaxe of freezing (weapon)
Armour
 b - a +0 buckler
 l - a +0 cloak of poison resistance
 w - a +0 pair of boots (worn)
 J - a +2 cloak (worn)
 P - a +0 large shield (worn)
 T - a +1 plate armour of fire resistance (worn)
Jewellery
 f - a +5 amulet of reflection (around neck)
 u - an uncursed ring of resist corrosion
 y - a ring of protection from cold (right hand)
 E - an uncursed ring of fire
 L - a ring of poison resistance (left hand)
Wands
 p - a wand of enslavement (5/24)
 F - a wand of random effects (27/48)
 G - a wand of confusion (33/48)
 M - a wand of clouds (8/9)
 N - a wand of paralysis (2/24)
Scrolls
 e - a scroll of fog
 i - 4 scrolls of immolation
 j - 2 scrolls of recharging
 k - 8 scrolls of enchant weapon
 q - 6 scrolls of enchant armour
 z - 4 scrolls of remove curse
 I - 2 scrolls of amnesia
 K - 2 scrolls of vulnerability
Potions
 d - 3 potions of cancellation
 h - a potion of flight
 n - a potion of lignification
 s - a potion of brilliance
 t - 2 potions of ambrosia
 x - 2 potions of mutation
 A - 3 potions of curing
 C - 2 potions of invisibility
 D - a potion of might
 O - a potion of agility
Miscellaneous
 Q - a box of beasts
Comestibles
 a - a chunk of flesh
 c - 11 bread rations
 m - 3 royal jellies
 o - 7 meat rations
 r - 2 fruits


   Skills:
 - Level 10.0(9.2) Fighting
 * Level 14.2(13.4) Axes
 - Level 7.0(6.3) Armour
 - Level 3.0(2.3) Dodging
 - Level 3.0(2.4) Stealth
 - Level 12.0(11.2) Shields
 - Level 11.0(10.2) Invocations


You had 12 spell levels left.
You didn't know any spells.

Dungeon Overview and Level Annotations

Branches:
Dungeon (11/15)            Temple (1/1) D:6            Lair (1/6) D:10
    Orc (2/2) D:11
    Elf: Orc:2

Altars:
Elyvilon
Makhleb
Ru
Uskayaw
Vehumet
Wu Jian
Xom
Yredelemnul
The Shining One
Beogh

Shops:
Orc:2 :?

Annotations:
D:10 1 runed door


Innate Abilities, Weirdness & Mutations

You cannot be hasted, slowed, berserked, paralysed or teleported.
You can dig through walls and to a lower floor.
Your four strong arms can wield two-handed weapons with a shield.
You have a pair of large antennae on your head. (SInv)


Message History

You swap places.
You are engulfed in freezing vapours.
You resist.
* * * LOW HITPOINT WARNING * * *
The ufetubus closely misses your orc wizard.
The ufetubus hits your orc wizard. The ufetubus hits your orc. x2
Your orc dies!
Your orc's corpse dissolves into shadows!
Your orc completely misses the ufetubus.
The orc high priest is engulfed in freezing vapours.
Send 'em back where they came from!
Your orc sorcerer dissolves into shadows!
Your balrug shudders.
Your orc warrior dissolves into shadows!
Your orc wizard dissolves into shadows!
Your orc priest dissolves into shadows!
Your orc dissolves into shadows!
Your orc warrior shudders.
Your orc shudders.
Your orc wizard dissolves into shadows!
Your orc shudders.
Your orc warrior is engulfed in freezing vapours.
Your orc warrior hits the ufetubus with a flail!
The ufetubus dies!
The red devil hits you from afar with a trident.
You die...

'......#...#)...'..#...#......##.
#.####.#####)####..#.........##..
#.#..#.....))...####.[......##...
#.'..#....)####.####.8...8...8...
).#..#..⌠..#..#..[))...)......)..
#.####.....#..'.####.8...8..)8[..
#..))......#.)#4####........##...
####.#####(####§#§§#.........##..
'....#...#...53o@22#...#......##.
#....#...#.#o..o#§§##..##.....###
#....##'##.#55..#####...#.....#
#.)........#o......##...##.....#
'.##'###.###'#####.##....#.....#
#.#...##.##...#.)#.###...##.....
#.#...##.##...#..'.# ##.....
#.######'######..### #....
).####...# ####


You could see a blizzard demon, an orc high priest, a ynoxinul, a red devil, 3
ufetubi, a friendly balrug, a friendly orc warrior and 2 friendly orcs.

Vanquished Creatures
  An orc warlord (Orc:2)
  Fannar (D:10)
  5 two-headed ogres
  3 orc high priests (Orc:2)
  The ghost of KristoblXynda the Destroyer, a novice DrCj of Vehumet (D:10)
  Pikel (D:6)
  8 orc knights
  4 orc sorcerers
  Joseph (D:8)
  Maurice (D:9)
  A spiny frog (Lair:1)
  Psyche (D:11)
  4 trolls
  Prince Ribbit (D:6)
  The ghost of p0werm0de the Magician, an amateur GnWz (D:4)
  A hippogriff (Lair:1)
  A shadow (D:11)
  15 yaks
  A warg (Orc:2)
  Duvessa (D:6)
  2 water moccasins
  A soldier ant (D:10)
  2 porcupines (Lair:1)
  47 orc warriors
  2 ice beasts (D:9)
  16 ogres
  2 sky beasts
  6 phantoms
  4 wolves (D:9)
  2 centaurs (D:7)
  A crocodile (Lair:1)
  11 bullfrogs
  Dowan (D:6)
  3 scorpions
  3 wights (D:9)
  3 howler monkeys
  3 crimson imps
  2 bullfrog zombies
  A centaur zombie (D:7)
  3 hounds
  23 orc wizards
  2 bullfrog skeletons
  27 orc priests
  2 centaur skeletons
  5 iguanas
  Natasha (thrice) (D:3)
  5 worker ants
  A killer bee zombie (D:7)
  A hound zombie (D:8)
  A hound skeleton (D:7)
  3 worker ant zombies
  4 gnolls (D:4)
  11 adders
  2 shadow imps
  An ooze (D:1)
  An adder skeleton (D:4)
  3 worms
  6 dart slugs
  4 leopard geckos
  157 orcs
  8 giant cockroaches
  5 goblins
  8 hobgoblins
  10 jackals
  4 quokkas
  A ball python (D:4)
  6 bats
  12 frilled lizards
  9 kobolds
  A leopard gecko skeleton (D:4)
  8 rats
502 creatures vanquished.

Vanquished Creatures (collateral kills)
  2 orc knights (Bailey)
  Grum (D:9)
  A hound (D:9)
4 creatures vanquished.

Vanquished Creatures (others)
  An orc priest (Orc:2)
  An orc (D:11)
  A kobold (D:3)
  3 fungi (Lair:1)
  A plant (Lair:1)
  5 toadstools (D:1)
12 creatures vanquished.

Grand Total: 518 creatures vanquished

Notes
Turn   | Place    | Note
-------+----------+-------------------------------------------
     0 | D:1      | Klosterheim the Formicid Monk began the quest for the Orb.
     0 | D:1      | Reached XP level 1. HP: 18/18 MP: 1/1
   221 | D:1      | Reached XP level 2. HP: 21/24 MP: 2/2
   671 | D:1      | Reached XP level 3. HP: 27/29 MP: 3/3
  1148 | D:2      | Reached skill level 1 in Armour
  1566 | D:2      | Reached XP level 4. HP: 32/36 MP: 4/4
  1694 | D:2      | Reached skill level 1 in Shields
  1999 | D:2      | You fall through a shaft for 2 floors!
  2032 | D:4      | Reached skill level 4 in Axes
  2032 | D:4      | Reached XP level 5. HP: 31/42 MP: 5/5
  2532 | D:4      | Reached XP level 6. HP: 6/48 MP: 6/6
  2566 | D:4      | HP: 2/48 [poisoned by an adder]
  2574 | D:4      | HP: 2/48 [poisoned by an adder]
  2604 | D:4      | Noticed an ogre
  2607 | D:4      | HP: 2/48 [gnoll/flail (5)]
  3020 | D:3      | Noticed Natasha
  3146 | D:3      | Killed Natasha
  3146 | D:3      | Reached skill level 5 in Axes
  3357 | D:3      | Noticed Natasha
  3367 | D:3      | Killed Natasha
  3447 | D:3      | Noticed Natasha
  3453 | D:3      | Killed Natasha
  3453 | D:3      | Reached XP level 7. HP: 48/54 MP: 7/7
  4121 | D:4      | Noticed p0werm0de's ghost (amateur GnWz)
  4165 | D:5      | Entered Level 5 of the Dungeon
  4362 | D:5      | Reached skill level 6 in Axes
  4546 | D:5      | Noticed a water moccasin
  4567 | D:5      | Killed a water moccasin
  4785 | D:5      | Reached XP level 8. HP: 55/60 MP: 8/8
  4863 | D:5      | Reached skill level 7 in Axes
  4943 | D:5      | Found a shimmering altar of Xom.
  5761 | D:6      | Found a staircase to the Ecumenical Temple.
  5773 | Temple   | Entered the Ecumenical Temple
  5782 | Temple   | Became a worshipper of Makhleb the Destroyer
  5782 | Temple   | Reached * piety under Makhleb
  5782 | Temple   | Reached ** piety under Makhleb
  5911 | D:6      | Noticed Prince Ribbit
  5953 | D:6      | Reached skill level 1 in Invocations
  5965 | D:6      | Killed Prince Ribbit
  5965 | D:6      | Reached skill level 8 in Axes
  6223 | D:6      | Reached XP level 9. HP: 55/65 MP: 11/11
  6245 | D:6      | Noticed Duvessa
  6245 | D:6      | Noticed Dowan
  6275 | D:6      | Killed Duvessa
  6275 | D:6      | Reached skill level 5 in Armour
  6288 | D:6      | Killed Dowan
  6404 | D:6      | Reached skill level 5 in Invocations
  6412 | D:6      | Noticed Pikel
  6454 | D:6      | Killed Pikel
  6454 | D:6      | Reached skill level 9 in Axes
  6661 | D:7      | Reached skill level 10 in Axes
  6955 | D:7      | Reached XP level 10. HP: 50/73 MP: 14/14
  7301 | D:7      | Reached skill level 5 in Shields
  7305 | D:7      | Reached skill level 5 in Fighting
  7331 | D:7      | Reached *** piety under Makhleb
  7481 | D:7      | Found an ornate altar of the Wu Jian Council.
  7872 | D:7      | Got a heavily runed chain mail
  7873 | D:7      | Identified the cursed +1 chain mail of the Equinox {rF+ rC- rCorr} (You found it on level 7 of the Dungeon)
  8323 | D:4      | Killed p0werm0de's ghost
  8747 | D:8      | Noticed a two-headed ogre
  8775 | D:8      | Killed a two-headed ogre
  8818 | D:8      | Noticed Joseph
  8848 | D:8      | Killed Joseph
  9168 | D:8      | Found a sacrificial altar of Ru.
  9355 | D:9      | Reached **** piety under Makhleb
  9355 | D:9      | Reached XP level 11. HP: 83/83 MP: 16/16
  9457 | D:9      | Noticed Maurice
  9516 | D:9      | Noticed Grum
  9558 | D:9      | Killed Grum
  9848 | D:9      | Killed Maurice
 10326 | D:9      | Found a hide-covered altar of Uskayaw.
 10326 | D:9      | Found a white marble altar of Elyvilon.
 10460 | D:9      | Found a glowing golden altar of the Shining One.
 10663 | D:10     | Entered Level 10 of the Dungeon
 10694 | D:10     | Noticed a two-headed ogre
 10708 | D:10     | Killed a two-headed ogre
 10918 | D:10     | Found a staircase to the Lair.
 10939 | D:10     | Found a runed door.
 10940 | D:10     | Noticed a sixfirhy
 11067 | D:10     | Noticed Fannar
 11080 | D:10     | Noticed KristoblXynda's ghost (novice DrCj)
 11177 | D:10     | Killed KristoblXynda's ghost
 11179 | D:10     | Killed Fannar
 11179 | D:10     | Reached skill level 11 in Axes
 11316 | D:10     | Found a flagged portal.
 11325 | Bailey   | Entered a bailey
 11434 | Bailey   | Reached ***** piety under Makhleb
 11804 | Bailey   | Reached skill level 10 in Shields
 11994 | Bailey   | Noticed an orc knight
 12016 | Bailey   | Killed an orc knight
 12060 | Bailey   | Noticed an orc knight
 12074 | Bailey   | Noticed an orc knight
 12076 | Bailey   | Noticed an orc knight
 12084 | Bailey   | Killed an orc knight
 12084 | Bailey   | Reached XP level 12. HP: 26/94 MP: 18/18
 12939 | Lair:1   | Entered Level 1 of the Lair of Beasts
 13399 | Lair:1   | Noticed an eight-headed hydra
 13463 | D:11     | Noticed Psyche
 13472 | D:11     | Killed Psyche
 13505 | D:11     | Reached skill level 12 in Axes
 13673 | D:11     | Found a staircase to the Orcish Mines.
 14087 | Orc:1    | Entered Level 1 of the Orcish Mines
 14099 | Orc:1    | Found a radiant altar of Vehumet.
 15289 | Orc:2    | Entered Level 2 of the Orcish Mines
 15462 | Orc:2    | Noticed a two-headed ogre
 15481 | Orc:2    | Killed a two-headed ogre
 15747 | Orc:2    | Reached XP level 13. HP: 98/101 MP: 20/20
 15767 | Orc:2    | Reached skill level 10 in Invocations
 16594 | Orc:2    | Noticed an orc warlord
 16608 | Orc:2    | Killed an orc warlord
 16646 | Orc:2    | Reached skill level 13 in Axes
 16752 | Orc:2    | Found a roughly hewn altar of Beogh.
 17417 | Orc:2    | Reached skill level 10 in Fighting
 17667 | Orc:2    | Found a roughly hewn altar of Beogh.
 17753 | Orc:2    | Found Xenk's Book Emporium.
 17918 | Orc:2    | Found Gan Piagg's Magic Scroll Shoppe.
 17929 | Orc:2    | Bought a scroll of fog for 22 gold pieces
 18144 | Orc:2    | Reached ****** piety under Makhleb
 18364 | Orc:2    | Reached skill level 14 in Axes
 18707 | Orc:2    | Noticed a blizzard demon
 18713 | Orc:2    | HP: 1/103 [blizzard demon][the player character] (13)]
 18713 | Orc:2    | Slain by a red devil

Vault maps used:
D:1:      ldierk_walled_garden, minmay_strange_pillars, minmay_lizard_pond
D:3:      uniq_natasha
D:4:      first_bread
D:5:      brannock_xom_greatest_gift, minivault_5
D:6:      temple_pool_b, uniq_prince_ribbit1, uniq_pikel, uniq_duvessa
D:7:      kennysheep_mini, grunt_potential
D:8:      nicolae_overflow_hidden_temple, serial_curves, eino_curves_04,
          eino_curves_03, grunt_ogre_cave, uniq_joseph
D:9:      chequers_temple_overflow_statue_of_worship,
          nicolae_tso_swordbearing_angel, uniq_maurice, uniq_grum
D:10:     cheibrodos_shockbox, lair_entry_dummy, enter_bailey_2, uniq_fannar
D:11:     hiddenorc2_lemuel, uniq_psyche
Temple:   eino_temple_scatter_basement
Lair:1:   basic_altar, grunt_megastairs_3, serial_bayou_shore_b
Orc:1:    minmay_goldmine, basic_altar
Orc:2:    pubby_orc_utopia
Bailey:   bailey_polearm_5, bailey

Skill      XL: |  1  2  3  4  5  6  7  8  9 10 11 12 13 |
---------------+----------------------------------------+-----
Armour         | 1 3 4 5 7 |  7.0
Stealth        | 3 |  3.0
Shields        | 2 3 4 7 10 11 12 | 12.0
Dodging        | 3 |  3.0
Axes           | 4 5 6 8 10 11 12 14 | 14.2
Fighting       | 4 6 8 9 10 | 10.0
Invocations    | 3 5 7 8 9 11 | 11.0

Action                   |  1- 3 |  4- 6 |  7- 9 | 10-12 | 13-15 || total
-------------------------+-------+-------+-------+-------+-------++-------
Melee: Hand axe          |   116 |   219 |   207 |       |       ||   542
       Short sword       |       |       |   322 |       |       ||   322
       Broad axe         |       |       |       |   838 |       ||   838
       Battleaxe         |       |       |       |   150 |   455 ||   605
Invok: Minor Destruction |       |       |    55 |    97 |    18 ||   170
       Lesser Servant of |       |       |       |     7 |     1 ||     8
       Major Destruction |       |       |       |     3 |       ||     3
       Greater Servant o |       |       |       |       |     2 ||     2
 Abil: Shaft Self        |       |     1 |       |       |       ||     1
       Dig               |       |       |     5 |    17 |     3 ||    25
Evoke: Wand              |       |       |       |     3 |       ||     3
  Use: Potion            |       |     6 |       |     5 |     2 ||    13
       Scroll            |       |     4 |     9 |     9 |     5 ||    27
 Stab: Sleeping          |     5 |     4 |     1 |       |       ||    10
  Eat: Chunk             |     2 |     7 |    12 |    33 |    12 ||    66
Armor: Robe              |     9 |       |       |       |       ||     9
       Ring mail         |    18 |    44 |     7 |       |       ||    69
       Chain mail        |       |       |   135 |   340 |    39 ||   514
       Plate armour      |       |       |       |       |    30 ||    30
Dodge: Dodged            |    64 |    93 |   136 |   256 |    42 ||   591
Block: Buckler           |     8 |    90 |   196 |   428 |       ||   722
       Reflection        |       |     7 |       |    13 |    13 ||    33
       Large shield      |       |       |       |   198 |   413 ||   611

Table legend:
 A = Spawn XP
 B = Non-spawn XP
 C = Spawn XP percentage of total XP
 D = Spawn monster count
 E = Non-spawn monster count
 F = Spawn count percentage of total count
 G = Total turns spent on level
                    A         B        C        D         E        F      G
               +---------+---------+-------+---------+---------+-------+---------
         Total |       0 |   42892 |   0.0 |       0 |     507 |   0.0 | 18713
               +---------+---------+-------+---------+---------+-------+---------
           D:1 |       0 |      35 |   0.0 |       0 |      21 |   0.0 |  1094
           D:2 |       0 |      90 |   0.0 |       0 |      26 |   0.0 |   907
           D:3 |       0 |     167 |   0.0 |       0 |      25 |   0.0 |   995
           D:4 |       0 |     708 |   0.0 |       0 |      34 |   0.0 |  1715
           D:5 |       0 |     640 |   0.0 |       0 |      20 |   0.0 |  1589
           D:6 |       0 |    2036 |   0.0 |       0 |      17 |   0.0 |   951
           D:7 |       0 |    1455 |   0.0 |       0 |      44 |   0.0 |  1446
           D:8 |       0 |    2140 |   0.0 |       0 |      24 |   0.0 |   812
           D:9 |       0 |    3004 |   0.0 |       0 |      35 |   0.0 |  1361
          D:10 |       0 |    3766 |   0.0 |       0 |      12 |   0.0 |  1238
          D:11 |       0 |    2266 |   0.0 |       0 |      33 |   0.0 |   374
        Lair:1 |       0 |    2383 |   0.0 |       0 |      13 |   0.0 |   504
         Orc:1 |       0 |    2905 |   0.0 |       0 |      35 |   0.0 |  1180
         Orc:2 |       0 |   18674 |   0.0 |       0 |     128 |   0.0 |  3424
        Bailey |       0 |    2623 |   0.0 |       0 |      40 |   0.0 |  1104
               +---------+---------+-------+---------+---------+-------+---------
